 Dungeon Crawl Stone Soup version 0.14.0-2-gd2dacb9 (webtiles) character file.

2 Bloax the Insei (level 1, 0/11 HPs)
             Began as a Vine Stalker Monk on Apr 10, 2014.
             Slain by Terence
             ... wielding a +0,+0 flail
              (10 damage)
             ... on Level 2 of the Dungeon.
             The game lasted 00:00:25 (61 turns).

Bloax the Insei (Vine Stalker Monk)                   Turns: 61, Time: 00:00:25

HP   0/11        AC  2     Str 13      XL: 1   Next: 30%
MP   0/1         EV 13     Int 10      God:
Gold 0           SH  0     Dex 16      Spells:  0 memorised,  0 levels left

rFire  . . .     SeeInvis .       - Unarmed
rCold  . . .     Clarity  .     a - +0 robe
rNeg   . . .     Conserve .     (no shield)
rPois  .         rCorr    .     (no helmet)
rElec  .         rRot     +     (no cloak)
SustAb . .       Spirit   +     (no gloves)
rMut   .         Warding  .     (no boots)
Saprov . . .     Stasis   .     (no amulet)
MR     .....                    (no ring)
                                (no ring)

@: not resistant to hostile enchantments, fairly stealthy
A: fangs 2, regeneration 1, magic shield, antimagic bite, no device heal
a: no special abilities


You were on level 2 of the Dungeon.
You were not hungry.

You visited 1 branch of the dungeon, and saw 2 of its levels.


Innate Abilities, Weirdness & Mutations

You are immune to rotting.
You have extremely sharp teeth.
Your natural rate of healing is unusually fast.
When hurt, damage is shared between your health and your magic reserves.
Your bite disrupts and absorbs the magic of your enemies.
Potions and wands cannot restore your HP.


   Skills:
 - Level 2.6 Fighting
 - Level 2.4 Dodging
 - Level 2.4 Stealth
 + Level 4.0 Unarmed Combat
 + Level 0.2 Spellcasting


You couldn't memorise any spells.
You didn't know any spells.

Dungeon Overview and Level Annotations

Branches:
Dungeon (2/15)

Altars:

Annotations:
D:2 Terence

Inventory:

Missiles
 e - 2 poisoned darts (quivered)
Armour
 a - a +0 robe (worn)
 d - a +0 chain mail
   (You found it on level 1 of the Dungeon)
Comestibles
 b - a bread ration
Scrolls
 c - a scroll of noise {unknown}

#........#
#.#.##.......
#........##
#.#.#####..##
#.####....# #.#.#
#..# # #....# #.#.#
#..# #....# #....
.... # #....###....
....
.....####...........
...
....................
.....####.#@####...
...g.....@...# ..
##...............
#..........##...
#..>....$..# #.
#.####.##### . #.#
#.# #g#


You could see Terence and a hobgoblin.


Message History

Welcome, Bloax the Vine Stalker Monk.
They say that the Orb of Zot exists deep within this dungeon, but nobody has ever found it.
Found a chain mail and a scroll labeled VEGAXU KHIMI.
Found a staircase leading out of the dungeon.
You aren't carrying or standing over any spellbooks.
c - a scroll labeled VEGAXU KHIMI You see here a chain mail.
d - a chain mail
Found a stone staircase leading down.
A bat comes into view.
The bat hits you but does no damage. The bat misses you.
The bat barely misses you.
There is a stone staircase leading down here.
You hit the bat.
You kill the bat!
You climb downwards.
Found 2 poisoned darts.
There is a stone staircase leading up here.
You see here 2 poisoned darts.
e - 2 poisoned darts
Found a silvery potion.
A bat comes into view.
Found 3 gold pieces.
Terence comes into view.
He is wielding a flail.
The bat hits you but does no damage. The bat hits you.
Found a stone staircase leading down.
You hit the bat.
You kill the bat!
A hobgoblin comes into view. It is wielding a club.
Terence shouts!
A goblin comes into view.
You see here a silvery potion.
f - a silvery potion Terence completely misses you.
Drink which item? (? for menu, Esc to quit)
You feel better.
It was a potion of curing.
You hit Terence.
Terence is lightly wounded.
Terence hits you with a flail.
You hit Terence but do no damage.
Terence is lightly wounded.
Terence hits you with a flail!
Ouch! That really hurt!
You die...

Action                   || total
-------------------------++-------
Melee: Unarmed           ||     4
  Use: Potion            ||     1

Vault maps used:
D:1:      onia_arrival_pyramid, minivault_23
D:2:      okawaru_ov_weapons_minmay, lemuel_doored_altar, uniq_terence

Notes
Turn   | Place    | Note
--------------------------------------------------------------
     0 | D:1      | Bloax, the Vine Stalker Monk, began the quest for the Orb.
     0 | D:1      | Reached XP level 1. HP: 11/11 MP: 1/1
    51 | D:2      | Noticed Terence
    61 | D:2      | Slain by Terence

Vanquished Creatures
  2 bats
2 creatures vanquished.
